SAAA
BAGLEY LOONS @ AUSTIN CAPITOLS
08/27/2019
 
TOP OF THE 1ST
Bagley Loons batting - Pitching for Austin Capitols : RHP Bill Kelly
Pitching: RHP Bill Kelly
Batting: RHB Bill Dennis 0-0: Foul Ball, location: 2F
0-1: Called Strike
0-2: Ground out 5-3 (Groundball, 56)
Batting: RHB Adam Hennessey 0-0: Ball
1-0: Called Strike
1-1: Called Strike
1-2: Strikes out swinging
Batting: RHB Karl Schultz 0-0: Called Strike
0-1: Ground out 6-3 (Groundball, 6)
Top of the 1st over - 0 run(s), 0 hit(s), 0 error(s), 0 left on base; Bagley 0 - Austin 0
BOTTOM OF THE 1ST
Austin Capitols batting - Pitching for Bagley Loons : LHP Stanley Anderson
Pitching: LHP Stanley Anderson
Batting: SHB Tom Palmer 0-0: Ball
1-0: Ball
2-0: Ball
3-0: Called Strike
3-1: Ground out 6-3 (Groundball, 6)
Batting: RHB Hiwahikeiki Noelani 0-0: Called Strike
0-1: Ball
1-1: DOUBLE (Line Drive, 7LM)
Batting: RHB Tanyu Kimura 0-0: Called Strike
0-1: Ball
1-1: Called Strike
1-2: Strikes out swinging
Batting: RHB Juan Ramos 0-0: Ball
1-0: Ball
2-0: DOUBLE (Groundball, 5L)
Hiwahikeiki Noelani scores
Batting: LHB Jack Robbins 0-0: Called Strike
0-1: Fly out, F7 (Flyball, 8LXD)
Bottom of the 1st over - 1 run(s), 2 hit(s), 0 error(s), 1 left on base; Bagley 0 - Austin 1
TOP OF THE 2ND
Bagley Loons batting - Pitching for Austin Capitols : RHP Bill Kelly
Batting: RHB Nick Simmons 0-0: Swinging Strike
0-1: Foul Ball, location: 2F
0-2: Ground out 2-3 (Groundball, 2R)
Batting: RHB Todd Blake 0-0: Called Strike
0-1: Foul Ball, location: 2F
0-2: Ground out 6-3 (Groundball, 6)
Batting: LHB Rafael García 0-0: Ball
1-0: Swinging Strike
1-1: Swinging Strike
1-2: Foul Ball, location: 2F
1-2: Foul Ball, location: 2F
1-2: Ball
2-2: Foul Ball, location: 2F
2-2: Foul Ball, location: 2F
2-2: Strikes out swinging
Top of the 2nd over - 0 run(s), 0 hit(s), 0 error(s), 0 left on base; Bagley 0 - Austin 1
BOTTOM OF THE 2ND
Austin Capitols batting - Pitching for Bagley Loons : LHP Stanley Anderson
Batting: RHB Brian King 0-0: Ball
1-0: SINGLE (Flyball, 6MD) - OUT at second base trying to stretch hit.
Batting: RHB Randy García 0-0: Swinging Strike
0-1: Ball
1-1: Ball
2-1: Foul Ball, location: 2F
2-2: Foul Ball, location: 2F
2-2: Ball
3-2: Base on Balls
Batting: RHB Eric Randolph 0-0: Called Strike
0-1: Foul Ball, location: 2F
0-2: Ball
1-2: Strikes out swinging
Batting: RHB Randy Tucker 0-0: Ball
1-0: Ball
2-0: Called Strike
2-1: Called Strike
2-2: Foul Ball, location: 2F
2-2: Fly out, F8 (Flyball, 8RM)
Bottom of the 2nd over - 0 run(s), 1 hit(s), 0 error(s), 1 left on base; Bagley 0 - Austin 1
TOP OF THE 3RD
Bagley Loons batting - Pitching for Austin Capitols : RHP Bill Kelly
Batting: RHB Allen Murphy 0-0: Ball
1-0: Ground out U3 (Groundball, 3)
Batting: RHB Jason Dunn 0-0: Called Strike
0-1: Ball
1-1: Ball
2-1: Ball
3-1: SINGLE (Line Drive, 89S)
Batting: RHB Eddie O'Bryan 0-0: Called Strike
0-1: Grounds into double play, 5-4-3 (Groundball, 56)
Top of the 3rd over - 0 run(s), 1 hit(s), 0 error(s), 0 left on base; Bagley 0 - Austin 1
BOTTOM OF THE 3RD
Austin Capitols batting - Pitching for Bagley Loons : LHP Stanley Anderson
Batting: SHB Tom Palmer 0-0: Ball
1-0: Ball
2-0: Fly out, F3 (Line Drive, 3)
Batting: RHB Hiwahikeiki Noelani 0-0: Swinging Strike
0-1: Foul Ball, location: 2F
0-2: DOUBLE (Groundball, 3L)
Batting: RHB Tanyu Kimura 0-0: Called Strike
0-1: Ball
Hiwahikeiki Noelani steals 3rd base
1-1: Ball
2-1: Swinging Strike
2-2: DOUBLE (Line Drive, 8LD)
Hiwahikeiki Noelani scores
Batting: RHB Juan Ramos 0-0: Called Strike
0-1: Ball
1-1: Swinging Strike
1-2: Ball
2-2: Ball
3-2: Foul Ball, location: 2F
3-2: Base on Balls
Batting: LHB Jack Robbins 0-0: Foul Ball, location: 2F
0-1: SINGLE (Groundball, 4MD)
Tanyu Kimura to third
Juan Ramos to second
Runner from 3rd tries for Home, SAFE, no throw or cutoff
Batting: RHB Brian King 0-0: SINGLE (Line Drive, 89S)
Juan Ramos to third
Jack Robbins to second
Runner from 3rd tries for Home, SAFE, no throw or cutoff
Batting: RHB Randy García 0-0: Foul Ball, location: 2F
0-1: SINGLE (Line Drive, 78M)
Jack Robbins to third
Brian King to second
Runner from 3rd tries for Home, SAFE, no throw or cutoff
Pitching: RHP Gerd Jans
Batting: RHB Eric Randolph 0-0: Ball
1-0: Ball
2-0: SINGLE (Flyball, 89S)
Brian King to third
Randy García to second
Runner from 3rd tries for Home, SAFE, throw made home
Batting: RHB Randy Tucker 0-0: Called Strike
0-1: Foul Ball, location: 2F
0-2: Foul Ball, location: 2F
0-2: Ball
1-2: Ball
2-2: Ball
3-2: Foul Ball, location: 2F
3-2: Base on Balls
Randy García to third
Eric Randolph to second
Batting: SHB Tom Palmer 0-0: Called Strike
0-1: Ball
1-1: Ball
2-1: Swinging Strike
2-2: Foul Ball, location: 2F
2-2: Foul Ball, location: 2F
Reached via error on a dropped throw, E6
Randy García scores
Eric Randolph to third
Randy Tucker to second
Batting: RHB Hiwahikeiki Noelani 0-0: Foul Ball, location: 2F
0-1: Ball
1-1: Fly out, F9 (Flyball, 9LD)
Runner from 3rd tags up, SCORES, no throw
Batting: RHB Tanyu Kimura 0-0: Ball
1-0: Ball
2-0: Foul Ball, location: 2F
2-1: Called Strike
2-2: Ball
3-2: Foul Ball, location: 2F
3-2: DOUBLE (Line Drive, 5D)
Randy Tucker scores
Tom Palmer to third
Tom Palmer scores
Pitching: LHP Corey Woods
Batting: RHB Juan Ramos 0-0: Fly out, F7 (Flyball, 7D)
Bottom of the 3rd over - 9 run(s), 7 hit(s), 1 error(s), 1 left on base; Bagley 0 - Austin 10
TOP OF THE 4TH
Bagley Loons batting - Pitching for Austin Capitols : RHP Bill Kelly
Batting: RHB Bill Dennis 0-0: Called Strike
0-1: Foul Ball, location: 2F
0-2: Ground out 6-3 (Groundball, 6)
Batting: RHB Adam Hennessey 0-0: Ball
1-0: Ball
2-0: Called Strike
2-1: Bunt for hit - play at first, batter OUT! 1-3
Batting: RHB Karl Schultz 0-0: Fly out, F9 (Flyball, 9S)
Top of the 4th over - 0 run(s), 0 hit(s), 0 error(s), 0 left on base; Bagley 0 - Austin 10
BOTTOM OF THE 4TH
Austin Capitols batting - Pitching for Bagley Loons : LHP Corey Woods
Batting: LHB Jack Robbins 0-0: Called Strike
0-1: Ball
1-1: Ball
2-1: Fly out, F9 (Flyball, 9M)
Batting: RHB Brian King 0-0: Called Strike
0-1: Ball
1-1: SINGLE (Line Drive, 8RS)
Batting: RHB Randy García 0-0: Ball
1-0: 2-RUN HOME RUN (Flyball, 7D), Distance : 436 ft
Batting: RHB Eric Randolph 0-0: Foul Ball, location: 2F
0-1: SINGLE (Groundball, 34D)
Batting: RHB Randy Tucker 0-0: Grounds into double play, 6-4-3 (Groundball, 6)
Bottom of the 4th over - 2 run(s), 3 hit(s), 0 error(s), 0 left on base; Bagley 0 - Austin 12
TOP OF THE 5TH
Bagley Loons batting - Pitching for Austin Capitols : RHP Bill Kelly
Batting: RHB Nick Simmons 0-0: Ball
1-0: Ball
2-0: Ball
3-0: Called Strike
3-1: Foul Ball, location: 2F
3-2: Strikes out swinging
Batting: RHB Todd Blake 0-0: Ball
1-0: Called Strike
1-1: Foul Ball, location: 2F
1-2: Ground out 5-3 (Groundball, 5S)
Batting: LHB Rafael García 0-0: Ball
1-0: Ball
2-0: Foul Ball, location: 2F
2-1: Foul Ball, location: 2F
2-2: Ball
3-2: Foul Ball, location: 2F
3-2: Base on Balls
Batting: RHB Allen Murphy 0-0: Foul Ball, location: 2F
0-1: Foul Ball, location: 2F
0-2: Ball
1-2: Ball
2-2: Fly out, F8 (Flyball, 8RD)
Top of the 5th over - 0 run(s), 0 hit(s), 0 error(s), 1 left on base; Bagley 0 - Austin 12
BOTTOM OF THE 5TH
Austin Capitols batting - Pitching for Bagley Loons : LHP Corey Woods
Batting: SHB Tom Palmer 0-0: Called Strike
0-1: Fly out, F9 (Flyball, 89M)
Batting: RHB Hiwahikeiki Noelani 0-0: Ball
1-0: Ball
2-0: Ground out 4-3 (Groundball, 4)
Batting: RHB Tanyu Kimura 0-0: Foul Ball, location: 2F
0-1: Foul Ball, location: 2F
0-2: Strikes out swinging
Bottom of the 5th over - 0 run(s), 0 hit(s), 0 error(s), 0 left on base; Bagley 0 - Austin 12
TOP OF THE 6TH
Bagley Loons batting - Pitching for Austin Capitols : RHP Bill Kelly
Batting: RHB Jason Dunn 0-0: Foul Ball, location: 2F
0-1: SINGLE (Groundball, 5L)
Batting: RHB Eddie O'Bryan 0-0: Ball
1-0: Ball
2-0: Fielders Choice at 2nd, 1-6 (Groundball, 15S)
Batting: RHB Bill Dennis 0-0: Ball
1-0: Called Strike
1-1: Ball
2-1: Foul Ball, location: 2F
2-2: Ball
3-2: Foul Ball, location: 2F
3-2: Strikes out swinging
Batting: RHB Adam Hennessey 0-0: Ball
1-0: Swinging Strike
1-1: Foul Ball, location: 2F
1-2: Ball
Wild Pitch!
Eddie O'Bryan to second
2-2: 2-RUN HOME RUN (Flyball, 7LD), Distance : 389 ft
Batting: RHB Karl Schultz 0-0: Ball
1-0: Foul Ball, location: 2F
1-1: Ball
2-1: Foul Ball, location: 2F
2-2: Ball
3-2: Fly out, F4 (Popup, 4D)
Top of the 6th over - 2 run(s), 2 hit(s), 0 error(s), 0 left on base; Bagley 2 - Austin 12
BOTTOM OF THE 6TH
Austin Capitols batting - Pitching for Bagley Loons : LHP Corey Woods
Pitching: RHP Henry Wheeler
Batting: RHB Juan Ramos 0-0: Called Strike
0-1: Fly out, F3 (Popup, 13)
Batting: LHB Jack Robbins 0-0: Ball
1-0: Ball
2-0: SINGLE (Line Drive, 4MD)
Batting: RHB Brian King 0-0: Called Strike
0-1: Swinging Strike
0-2: Ball
1-2: Strikes out swinging
Batting: RHB Randy García
Pinch Hitting: RHB Tony Quintana 0-0: Called Strike
0-1: Ball
Passed Ball!
Jack Robbins to second
1-1: Foul Ball, location: 2F
1-2: SINGLE (Line Drive, 7LM)
Jack Robbins to third
Runner from 3rd tries for Home, SAFE, no throw or cutoff
Batting: RHB Eric Randolph 0-0: Swinging Strike
0-1: Ground out U3 (Groundball, 3L)
Bottom of the 6th over - 1 run(s), 2 hit(s), 0 error(s), 1 left on base; Bagley 2 - Austin 13
TOP OF THE 7TH
Bagley Loons batting - Pitching for Austin Capitols : RHP Bill Kelly
Now at 1B: Tony Quintana
Now at 2B: Jack Bell
Batting: RHB Nick Simmons 0-0: Foul Ball, location: 2F
0-1: Swinging Strike
0-2: Strikes out swinging
Batting: RHB Todd Blake 0-0: Ball
1-0: Called Strike
1-1: Swinging Strike
1-2: Ball
2-2: Foul Ball, location: 2F
2-2: Ground out 5-3 (Groundball, 56)
Batting: LHB Rafael García 0-0: Called Strike
0-1: Fly out, F7 (Flyball, 7M)
Top of the 7th over - 0 run(s), 0 hit(s), 0 error(s), 0 left on base; Bagley 2 - Austin 13
BOTTOM OF THE 7TH
Austin Capitols batting - Pitching for Bagley Loons : RHP Henry Wheeler
Batting: RHB Randy Tucker 0-0: Ball
1-0: SINGLE (Groundball, 6MD)
Batting: SHB Tom Palmer
Pinch Hitting: RHB Thomas Dunlap 0-0: Ground out 4-3 (Groundball, 4M)
Randy Tucker to second
Batting: RHB Hiwahikeiki Noelani 0-0: Ball
1-0: Ground out 5-3 (Groundball, 56)
Batting: RHB Tanyu Kimura 0-0: Ball
1-0: Ball
2-0: Called Strike
2-1: Foul Ball, location: 2F
2-2: Foul Ball, location: 2F
2-2: Ball
3-2: Base on Balls
Batting: SHB Jack Bell 0-0: Called Strike
0-1: Ball
1-1: Foul Ball, location: 2F
1-2: Ball
2-2: Fly out, F8 (Flyball, 8LM)
Bottom of the 7th over - 0 run(s), 1 hit(s), 0 error(s), 2 left on base; Bagley 2 - Austin 13
TOP OF THE 8TH
Bagley Loons batting - Pitching for Austin Capitols : RHP Bill Kelly
Now in LF: Thomas Dunlap
Batting: RHB Allen Murphy 0-0: Called Strike
0-1: DOUBLE (Line Drive, 78XD)
Pinch Hitting: LHB Kenko Ueda 0-0: Ball
1-0: Called Strike
1-1: SINGLE (Groundball, 4MD)
Allen Murphy to third
Pinch Hitting: RHB Justin Miles 0-0: Called Strike
0-1: Ball
Wild Pitch!
Allen Murphy scores
Kenko Ueda to second
1-1: Called Strike
1-2: Ball
2-2: Strikes out looking
Pitching: LHP José Rico
Batting: RHB Bill Dennis 0-0: Ball
1-0: Called Strike
1-1: Foul Ball, location: 2F
1-2: SINGLE (Line Drive, 6MD)
Kenko Ueda to third
Batting: RHB Adam Hennessey 0-0: Ball
Wild Pitch!
Kenko Ueda scores
Bill Dennis to second
1-0: Ball
2-0: Fly out, F8 (Flyball, 8RM)
Batting: RHB Karl Schultz 0-0: Ball
1-0: Called Strike
1-1: Ground out 5-3 (Groundball, 5)
Top of the 8th over - 2 run(s), 3 hit(s), 0 error(s), 1 left on base; Bagley 4 - Austin 13
BOTTOM OF THE 8TH
Austin Capitols batting - Pitching for Bagley Loons : RHP Henry Wheeler
Pitching: RHP Rod Bakewell
Now at SS: Javier Díaz
Now in RF: Kenko Ueda
Pinch Hitting: RHB Luis Sáenz 0-0: Ball
1-0: Ball
2-0: Called Strike
2-1: Ball
3-1: Foul Ball, location: 2F
3-2: Foul Ball, location: 2F
3-2: Foul Ball, location: 2F
3-2: Ground out 1-3 (Groundball, 15)
Batting: RHB Brian King 0-0: Called Strike
0-1: Called Strike
0-2: Ground out 6-3 (Groundball, 6)
Batting: RHB Tony Quintana 0-0: Ball
1-0: Foul Ball, location: 2F
1-1: Swinging Strike
1-2: Strikes out looking
Bottom of the 8th over - 0 run(s), 0 hit(s), 0 error(s), 0 left on base; Bagley 4 - Austin 13
TOP OF THE 9TH
Bagley Loons batting - Pitching for Austin Capitols : LHP José Rico
Now at 1B: Luis Sáenz
Pinch Hitting: RHB Jim Unknown 0-0: Called Strike
0-1: Ground out 1-3 (Groundball, 13)
Batting: RHB Todd Blake 0-0: Fly out, F9 (Flyball, 9M)
Batting: LHB Rafael García 0-0: Foul Ball, location: 2F
0-1: Called Strike
0-2: Ball
1-2: Strikes out looking
Top of the 9th over - 0 run(s), 0 hit(s), 0 error(s), 0 left on base; Bagley 4 - Austin 13
This league is powered by Out of the Park Baseball, the baseball management simulation game for PC, Mac and Linux
Saturday, July 25th, 2015 - OOTP Baseball 15.6 Build 34